 Dungeon Crawl Stone Soup version 0.18.1-50-g88ac8fd (webtiles) character file.

523 Ponchio the Thaumaturge (level 7, -8/36 HPs)
             Began as a Deep Elf Conjurer on Oct 11, 2016.
             Was an Initiate of Vehumet.
             Mangled by an ogre
             ... wielding a cursed -1 giant spiked club
              (26 damage)
             ... on level 4 of the Dungeon.
             The game lasted 00:26:00 (4849 turns).

Ponchio the Thaumaturge (Deep Elf Conjurer)         Turns: 4849, Time: 00:26:01

Health: -8/36      AC:  4    Str:  5    XL:     7   Next: 2%
Magic:  14/22      EV: 13    Int: 22    God:    Vehumet [......]
Gold:   136        SH:  0    Dex: 15    Spells: 3 memorised, 17 levels left

rFire  . . .     SeeInvis .     k - +2 dagger (drain)
rCold  . . .     Gourm    .     a - +0 robe
rNeg   . . .     Faith    .     (no shield)
rPois  +         Spirit   .     o - +0 helmet
rElec  .         Dismiss  .     v - +0 cloak
rCorr  .         Reflect  .     (no gloves)
SustAt .         Harm     .     (no boots)
MR     .....                    (no amulet)
Stlth  ++........               m - ring of poison resistance
                                e - ring of flight

@: very slightly contaminated, not resistant to hostile enchantments, unstealthy
A: no striking features
a: Renounce Religion, Evoke Flight


You were on level 4 of the Dungeon.
You worshipped Vehumet.
Vehumet was noncommittal.
You were hungry.

You visited 1 branch of the dungeon, and saw 4 of its levels.

You collected 136 gold pieces.

Inventory:

Hand Weapons
 d - a +0 dagger
 k - a +2 dagger of draining (weapon)
Armour
 a - a +0 robe (worn)
 o - a +0 helmet (worn)
 v - a +0 cloak (worn)
Jewellery
 e - a ring of flight (left hand)
 m - a ring of poison resistance (right hand)
Scrolls
 g - 4 scrolls of remove curse {unknown}
 h - 2 scrolls of identify {unknown}
 l - a scroll of fear {unknown}
 q - a scroll of magic mapping {unknown}
 s - 2 scrolls of teleportation {unknown}
Potions
 j - a potion of lignification {unknown}
 n - a potion of haste {unknown}
 u - 2 potions of heal wounds {unknown}
 x - a potion of cancellation {unknown}
Books
 b - a book of Conjurations

   Spells                             Type                      Level
   a - Magic Dart                     Conjuration                  1
   b - Searing Ray                    Conjuration                  2
   c - Dazzling Spray                 Conjuration/Hexes            3
   d - Fulminant Prism                Conjuration/Hexes            4
   e - Iskenderun's Mystic Blast      Conjuration                  4
   f - Iskenderun's Battlesphere      Conjuration/Charms           5
Comestibles
 c - 3 bread rations
 f - 2 beef jerkies
 i - 3 meat rations
 p - 2 fruits


   Skills:
 - Level 2.4 Dodging
 - Level 2.4 Stealth
 - Level 10.0 Spellcasting
 + Level 4.6 Conjurations


You had 17 spell levels left.
You knew the following spells:

 Your Spells              Type           Power        Failure   Level  Hunger
a - Magic Dart            Conj           ####         1%          1    None
b - Dazzling Spray        Conj/Hex       ###...       10%         3    None
c - Iskenderun's Battles  Conj/Chrm      ###.....     75%         5    ####...


Dungeon Overview and Level Annotations

Branches:
Dungeon (4/15)
 Temple: D:4-7

Altars:
Ashenzari
Cheibriados
Gozag
Makhleb
Ru
Vehumet
Yredelemnul
Zin

Annotations:
D:3 Sigmund


Message History

Casting: Magic Dart
Confirm with . or Enter, or press ? or * to list all spells.
Aiming: Dazzling Spray
Press: ? - help, Shift-Dir - straight line, f/p - giant frog skeleton
Aim: a giant frog skeleton The spray of energy hits the giant frog skeleton.
You destroy the giant frog skeleton!
Vehumet accepts your kill.
You have reached level 7!
Casting: Dazzling Spray
Confirm with . or Enter, or press ? or * to list all spells.
Aiming: Dazzling Spray
Press: ? - help, Shift-Dir - straight line, f - ogre
Aim: an ogre, wielding a giant spiked club (lightly wounded)
You miscast Dazzling Spray.
You are very lightly contaminated with residual magic.
Nothing appears to happen.
The ogre hits you with a giant spiked club!!
Ouch! That really hurt!
You die...

. ######### .. ........# ...
.........# .... .........# .....
.........###......
..........@O.....#
.........###.Z...# ......)..#
....# .. #. ....÷....# .... .. .
......÷).# !... #. #. #######.##
#### ...#. . ####
####..###..###.##### ###..###
#...#.)......###...###..
..#....###...####.......#._.#....


You could see an ogre and an adder skeleton.

Vanquished Creatures
  An ogre (D:4)
  2 orc priests
  Crazy Yiuf (D:3)
  A giant frog skeleton (D:4)
  Jessica (D:2)
  Natasha (thrice) (D:2)
  An orc wizard (D:4)
  2 worker ants (D:4)
  Robin (D:2)
  2 adders
  An ooze (D:3)
  An adder zombie (D:4)
  2 worms (D:3)
  A dart slug (D:1)
  2 giant geckos (D:3)
  13 orcs
  2 giant cockroaches
  15 goblins
  9 hobgoblins
  12 jackals
  7 kobolds
  3 quokkas
  7 bats
  A giant gecko skeleton (D:4)
  7 giant newts
  4 rats
102 creatures vanquished.

Notes
Turn   | Place    | Note
--------------------------------------------------------------
     0 | D:1      | Ponchio the Deep Elf Conjurer began the quest for the Orb.
     0 | D:1      | Reached XP level 1. HP: 10/10 MP: 6/6
   189 | D:1      | Reached XP level 2. HP: 15/15 MP: 1/8
   192 | D:1      | Reached skill level 4 in Spellcasting
   791 | D:2      | Noticed Robin
   822 | D:2      | Killed Robin
   822 | D:2      | Reached skill level 5 in Spellcasting
   822 | D:2      | Reached XP level 3. HP: 4/19 MP: 0/11
  1199 | D:2      | Found a glowing silver altar of Zin.
  1199 | D:2      | Found an opulent altar of Gozag.
  1276 | D:2      | Found a burning altar of Makhleb.
  1342 | D:2      | You fall through a shaft!
  1406 | D:3      | Learned a level 3 spell: Dazzling Spray
  1534 | D:3      | Found a snail-covered altar of Cheibriados.
  1748 | D:3      | Noticed Sigmund
  1825 | D:2      | Reached XP level 4. HP: 17/24 MP: 11/13
  1968 | D:2      | Noticed Jessica
  1969 | D:2      | Killed Jessica
  1969 | D:2      | Reached skill level 6 in Spellcasting
  2015 | D:2      | Noticed Natasha
  2020 | D:2      | Killed Natasha
  2074 | D:2      | Noticed Natasha
  2084 | D:2      | Killed Natasha
  2084 | D:2      | Reached skill level 7 in Spellcasting
  2084 | D:2      | Reached XP level 5. HP: 15/28 MP: 0/16
  2231 | D:2      | Found a faded altar to an unknown god.
  2249 | D:2      | Found a sacrificial altar of Ru.
  2471 | D:2      | Noticed Natasha
  2474 | D:2      | Killed Natasha
  3042 | D:3      | Noticed Crazy Yiuf
  3050 | D:3      | Killed Crazy Yiuf
  3050 | D:3      | Reached skill level 8 in Spellcasting
  3292 | D:3      | Reached XP level 6. HP: 17/32 MP: 6/19
  3602 | D:4      | Reached skill level 9 in Spellcasting
  4432 | D:4      | Found a shattered altar of Ashenzari.
  4651 | D:4      | Found a radiant altar of Vehumet.
  4652 | D:4      | Reached skill level 10 in Spellcasting
  4657 | D:4      | Became a worshipper of Vehumet
  4681 | D:4      | Learned a level 5 spell: Iskenderun's Battlesphere
  4752 | D:4      | Found a basalt altar of Yredelemnul.
  4848 | D:4      | Reached XP level 7. HP: 17/36 MP: 16/22
  4849 | D:4      | Mangled by an ogre

Skill      XL: |  1  2  3  4  5  6 |
---------------+-------------------+-----
Spellcasting   | 5 7 8 10 | 10.0
Dodging        | |  2.4
Stealth        | |  2.4
Conjurations   | |  4.6

Action                   |  1- 3 |  4- 6 |  7- 9 || total
-------------------------+-------+-------+-------++-------
Melee: Dagger            |    32 |    24 |       ||    56
 Cast: Magic Dart        |    67 |    68 |       ||   135
       Dazzling Spray    |       |    55 |     1 ||    56
 Stab: Sleeping          |     2 |     2 |       ||     4
       Invisible         |       |     3 |       ||     3
  Eat: Chunk             |     2 |     6 |       ||     8
       Pizza             |       |     1 |       ||     1
       Royal jelly       |       |     1 |       ||     1
Armor: Robe              |     6 |     3 |       ||     9
Dodge: Dodged            |    23 |    20 |       ||    43
